 Dungeon Crawl Stone Soup version 0.29.0-13-gc9e81de378 (webtiles) character file.

Game seed: 1405252483204769481

576 concernfroge the Trooper (level 7, -6/61 HPs)
             Began as a Mummy Monk on Sept 10, 2022.
             Was a Believer of Wu Jian.
             Mangled by a wyvern (12 damage)
             ... on level 5 of the Dungeon.
             The game lasted 00:15:55 (4254 turns).

concernfroge the Trooper (Mummy Monk)               Turns: 4254, Time: 00:15:56

Health: -6/61      AC:  8    Str: 16    XL:     7   Next: 13%
Magic:  7/7        EV:  7    Int:  9    God:    Wu Jian [**....]
Gold:   284        SH:  0    Dex: 15    Spells: 6/6 levels left

rFire   . . .      SeeInvis .   c - +4 battleaxe (vamp)
rCold   + . .      Faith    .   (shield currently unavailable)
rNeg    + + +      Spirit   .   s - +0 chain mail
rPois   ∞          Reflect  .   (no helmet)
rElec   .          Harm     .   (no cloak)
rCorr   .          Rampage  .   (no gloves)
Will    .....                   (no boots)
Stlth   ..........              (no amulet)
HPRegen 0.20/turn               m - ring of fire
MPRegen 0.10/turn               h - ring of protection from cold

@: no status effects
A: cold resistance 1, negative energy resistance 3, torment resistance 2, heat
vulnerability 1, in touch with death 1, no potions
a: Renounce Religion, Wall Jump


You were on level 5 of the Dungeon.
You worshipped Wu Jian.
Wu Jian was pleased with you.
You visited 1 branch of the dungeon, and saw 5 of its levels.

You collected 284 gold pieces.

Inventory:

Hand Weapons
 a - a +0 spear
 c - a +4 vampiric battleaxe (weapon)
Missiles
 i - 9 poisoned darts (quivered)
 l - 6 javelins
Armour
 s - a +0 chain mail (worn)
Jewellery
 e - a ring of flight
 h - a ring of protection from cold (right hand)
 m - a ring of fire (left hand)
Wands
 d - a wand of light (6)
Scrolls
 b - a scroll of identify
 f - a scroll of amnesia
 g - 3 scrolls of poison
 j - 5 scrolls of teleportation
 k - a scroll of brand weapon
 n - a scroll of acquirement
 o - 2 scrolls of enchant weapon
 p - a scroll of fog
 r - 2 scrolls of enchant armour


   Skills:
 * Level 7.7 Fighting
 + Level 2.1(2.7) Axes
 - Level 2.4(2.8) Polearms
 - Level 2.4 Dodging
 - Level 1.5 Stealth


You had 6 spell levels left.
You didn't know any spells.
Your spell library contained the following spells:

 Spells                   Type           Power      Damage    Failure   Level
 Apportation              Tloc           0%         N/A       100%        1
 Necrotise                Necr           0%         1d4       100%        1
 Summon Small Mammal      Summ           0%         N/A       100%        1
 Scorch                   Fire           0%         2d5       100%        2
 Flame Wave               Conj/Fire      0%         2d4       100%        4
 Summon Lightning Spire   Summ/Air       0%         N/A       100%        4
 Summon Cactus Giant      Summ           0%         N/A       100%        6
 Maxwell's Capacitive Co  Air            0%         ∞         100%        8
 Storm Form               Tmut/Air       Unusable   N/A       N/A         7

Dungeon Overview and Level Annotations

Branches:
Dungeon (5/15)
 Temple: D:4-7

Altars:
Nemelex Xobeh
Wu Jian

Shops:
D:4 *


Innate Abilities, Weirdness & Mutations

You are immune to poison.
Your flesh is cold resistant. (rC+)
You are immune to negative energy. (rN+++)
You are immune to unholy pain and torment.
You are vulnerable to heat. (rF-)
You are in touch with the powers of death.
You do not drink.


Message History

You open the door.
There is an open door here.
You open the door.
There is an open door here.
You open the door.
A wyvern comes into view.
Found a hand axe.
There is nothing to wall jump against here.
Unknown command.
As you read the scroll of identify, it crumbles to dust.
k - a scroll of brand weapon The wyvern barely misses you.
Okay, then.
You closely miss the wyvern. The wyvern bites you! The wyvern bites you.
You barely miss the wyvern. The wyvern bites you! The wyvern bites you.
The wyvern bites you!
Okay, then.
Okay, then.
Aiming: Bolt of Light
Press: ? - help, Shift-Dir - straight line, f - wyvern
Aim: a wyvern (71% to hit)
The bolt of light hits the wyvern!
The wyvern is heavily wounded.
The wyvern is blinded.
The wyvern bites you!
* * * LOW HITPOINT WARNING * * *
Aiming: Bolt of Light
Press: ? - help, Shift-Dir - straight line, f/p - wyvern
Aim: a wyvern (heavily wounded, blind, 71% to hit)
The bolt of light hits the wyvern.
The wyvern is severely wounded.
The wyvern barely misses you.
The wyvern hisses menacingly.
The wyvern closely misses you.
Aiming: Bolt of Light
Press: ? - help, Shift-Dir - straight line, f/p - wyvern
Aim: a wyvern (severely wounded, blind, 71% to hit)
The bolt of light hits the wyvern!
The wyvern is almost dead.
The wyvern bites you!
You die...

#.......#
#........
#.......#
########.
#.......#####
#.
###'##'#....###
#.
#.##.'......#
#.
#.####......#
### #.#
#>.....# #..
#.# #......#
##.# #@#
#......# #...
#l#
####...###..#
... #.........
#)...
##........
#.....
#####.##...
##+####
#.....###..
#.....# #..
#.....###..
#.....'..>.


You could see a wyvern (blind).

Vanquished Creatures
  An ogre (D:5)
  A black bear (D:4)
  2 scorpions (D:5)
  A hound (D:4)
  An orc priest (D:4)
  An orc wizard (D:3)
  A gnoll (D:4)
  5 adders
  A worm (D:2)
  5 dart slugs
  18 orcs
  2 endoplasms
  2 giant cockroaches
  14 goblins
  18 hobgoblins
  5 jackals
  10 kobolds
  2 quokkas
  8 ball pythons
  7 bats
  3 frilled lizards
  6 rats
114 creatures vanquished.

Notes
Turn   | Place    | Note
-------+----------+-------------------------------------------
     0 | D:1      | concernfroge the Mummy Monk began the quest for the Orb.
     0 | D:1      | Reached XP level 1. HP: 18/18 MP: 1/1
   190 | D:1      | Reached XP level 2. HP: 24/24 MP: 2/2
   303 | D:1      | Found a faded altar of an unknown god.
   497 | D:1      | Reached skill level 4 in Fighting
   747 | D:1      | Gained mutation: You are in touch with the powers of death.
                  | [Mummy growth]
   747 | D:1      | Reached XP level 3. HP: 29/30 MP: 3/3
  1355 | D:3      | Reached XP level 4. HP: 35/38 MP: 4/4
  1406 | D:3      | Reached skill level 5 in Fighting
  2407 | D:3      | Reached XP level 5. HP: 14/46 MP: 5/5
  2922 | D:4      | Reached skill level 6 in Fighting
  2990 | D:4      | Found Plog's Neck Hole.
  3047 | D:4      | Identified a scroll of acquirement
  3372 | D:4      | Noticed a black bear
  3381 | D:4      | Killed a black bear
  3382 | D:4      | Reached skill level 1 in Axes
  3382 | D:4      | Reached XP level 6. HP: 39/53 MP: 6/6
  3500 | D:4      | Found an ornate altar of the Wu Jian Council.
  3674 | D:4      | Found a sparkling altar of Nemelex Xobeh.
  3833 | D:4      | Became a worshipper of the Wu Jian Council
  3833 | D:4      | Reached * piety under Wu Jian
  3833 | D:4      | Reached ** piety under Wu Jian
  3863 | D:5      | Entered Level 5 of the Dungeon
  3869 | D:5      | Reached skill level 7 in Fighting
  4110 | D:5      | Reached XP level 7. HP: 60/60 MP: 7/7
  4248 | D:5      | Noticed a wyvern
  4254 | D:5      | Mangled by a wyvern

Illustrated notes

Levels and vault maps discovered:
D:1:      scummos_arrival_star, layout_basic,
          hellmonk_ecumenical_altar_prayer_group
D:2:      layout_rooms, serial_glass, glass_columns_b, glass_columns_a,
          item_on_display_a, due_unseen_surprise
D:3:      layout_basic
D:4:      corexii_shantytown, layout_rooms, mainiacjoe_overflow_alcove_1,
          mainiacjoe_overflow_tiny_flanked, nicolae_shop_sticking_my_neck_out
D:5:      layout_basic, xom_confusion_cloud, nicolae_sif_muna_condensation

Skill      XL: |  1  2  3  4  5  6 |
---------------+-------------------+-----
Fighting       | 4 5 6 7 |  7.7
Axes           | 1 2 |  2.1
Polearms       | |  2.4
Dodging        | |  2.4
Stealth        | |  1.5

Action                   |  1- 3 |  4- 6 |  7- 9 || total
-------------------------+-------+-------+-------++-------
Melee: Spear             |   109 |   118 |       ||   227
       Punch             |       |     1 |       ||     1
       Battleaxe         |       |    66 |    16 ||    82
Throw: Boomerang         |    57 |    38 |       ||    95
       Dart              |       |    14 |     3 ||    17
       Javelin           |       |     8 |       ||     8
       Throwing net      |       |     4 |       ||     4
Invok: Lunge             |       |     2 |     1 ||     3
Evoke: Wand              |       |       |     3 ||     3
  Use: Scroll            |     3 |     5 |     1 ||     9
 Stab: Sleeping          |     3 |     1 |       ||     4
Armor: Robe              |    10 |       |       ||    10
       Ring mail         |     5 |    55 |       ||    60
       Chain mail        |       |    12 |     6 ||    18
Dodge: Dodged            |    52 |    87 |     4 ||   143
